 Dungeon Crawl Stone Soup version 0.22-a0-305-gd21a89c (webtiles) character file.

1241 Sergey the Insei (level 8, -6/40 HPs)
             Began as a Vine Stalker Artificer on Mar 30, 2018.
             Was an Initiate of Cheibriados.
             Mangled by an orc warrior
             ... wielding a +0 hand axe
              (12 damage)
             ... on level 6 of the Dungeon.
             The game lasted 00:11:26 (1447 turns).

Sergey the Insei (Vine Stalker Artificer)           Turns: 1447, Time: 00:11:26

Health: -6/40      AC:  4    Str: 16    XL:     8   Next: 49%
Magic:  0/14       EV: 13    Int: 18    God:    Cheibriados [......]
Gold:   215        SH:  0    Dex: 14    Spells: 14/14 levels left

rFire    . . .     SeeInvis .   y - +3 hand axe of Nuphenix {chop, rPois rN+ MR+ Int+4 Dex-2}
rCold    . . .     Gourm    .   (no shield)
rNeg     + . .     Faith    .   b - +0 leather armour
rPois    +         Spirit   +   (no helmet)
rElec    .         Reflect  .   (no cloak)
rCorr    .         Harm     .   t - +0 pair of gloves
MR       ++...                  (no boots)
Stlth    ++........             (no amulet)
HPRegen  0.53/turn              (no ring)
MPRegen  0.14/turn              (no ring)

@: very slow
A: fangs 3, regeneration 1, magic shield, antimagic bite, no potion heal 3, rot
immunity
a: Bend Time, Renounce Religion


You were on level 6 of the Dungeon.
You worshipped Cheibriados.
Cheibriados was noncommittal.
You were not hungry.

You visited 2 branches of the dungeon, and saw 7 of its levels.
You also visited: Ossuary.

You collected 215 gold pieces.

Inventory:

Hand Weapons
 a - a +1 short sword
 m - a +1 falchion of holy wrath
 y - the +3 hand axe of Nuphenix (weapon) {chop, rPois rN+ MR+ Int+4 Dex-2}
   (You found it in an ossuary)

   It inflicts extra damage upon your enemies.
   It affects your intelligence (+4).
   It affects your dexterity (-2).
   It protects you from poison.
   It protects you from negative energy.
   It affects your resistance to hostile enchantments.
Missiles
 g - 101 stones (quivered)
 p - 20 bolts
Armour
 b - a +0 leather armour (worn)
 t - a +0 pair of gloves (worn)
Wands
 c - a wand of flame (4)
 d - a wand of enslavement (10)
 e - a wand of random effects (8)
Scrolls
 k - 2 scrolls of teleportation {@r3}
 l - a scroll of remove curse {@r2}
 x - a scroll of immolation {unknown}
 B - a scroll of identify {@r1}
 C - a scroll of amnesia {unknown}
Potions
 h - 2 potions of flight
 i - 3 potions of curing {@q2}
 j - a potion of brilliance
 n - a potion of mutation {unknown}
 o - 2 potions of berserk rage
 q - 2 potions of heal wounds {unknown}
 r - a potion of might {unknown}
 s - a potion of agility {unknown}
 u - 3 potions of lignification {unknown}
 v - a potion of haste {unknown}
 w - a potion of magic {unknown}
 z - a potion of resistance {unknown}
Comestibles
 f - 4 rations
 A - 2 chunks of flesh


   Skills:
 + Level 3.5 Fighting
 - Level 0.8 Short Blades
 + Level 2.0 Axes
 - Level 2.9 Dodging
 - Level 1.2 Stealth
 * Level 5.5 Unarmed Combat
 + Level 3.9 Spellcasting
 + Level 0.0 Invocations
 + Level 4.6 Evocations


You had 14 spell levels left.
You didn't know any spells.

Dungeon Overview and Level Annotations

Branches:
Dungeon (6/15)             Temple (1/1) D:6

Altars:
Ashenzari
Cheibriados
Dithmenos
Elyvilon
Fedhas
Hepliaklqana
Okawaru
Ru
Trog
Uskayaw
Vehumet
The Shining One


Innate Abilities, Weirdness & Mutations

You have razor-sharp teeth.
Your natural rate of healing is unusually fast.
When hurt, damage is shared between your health and your magic reserves.
Your bite disrupts and absorbs the magic of your enemies.
Potions cannot restore your health.
You are immune to rotting.


Message History

Evoke which item? (* to show all) (? for menu, Esc to quit)
Aiming: Enslavement
Press: ? - help, Shift-Dir - straight line, f - orc warrior
Aim: an orc warrior, wielding a hand axe and wearing a chain mail (chance to defeat MR: 60%)
The orc warrior resists with significant effort.
The orc warrior hits you with a hand axe!
Evoke which item? (* to show all) (? for menu, Esc to quit)
Aiming: Enslavement
Press: ? - help, Shift-Dir - straight line, f/p - orc warrior
Aim: an orc warrior, wielding a hand axe and wearing a chain mail (chance to defeat MR: 60%)
The orc warrior resists with significant effort.
The orc warrior hits you with a hand axe!!
* * * LOW HITPOINT WARNING * * *
Evoke which item? (* to show all) (? for menu, Esc to quit)
Aiming: Enslavement
Press: ? - help, Shift-Dir - straight line, f/p - orc warrior
Aim: an orc warrior, wielding a hand axe and wearing a chain mail (chance to defeat MR: 60%)
The orc warrior resists with significant effort.
The orc warrior hits you with a hand axe!
You die...

#.. .# #.# ..# #.. .##.. #.#
..#.[# ########.# .....
....##.# #..########...>#
##...##.......@.## #
#.....#.#####o...## #.#
#..⌠..#.#.........# #.#
#.......#.###...##...# #..
#⌠.>.⌠..........###.## ###
#.....[.)...........# #
......⌠.[..####...†#####
.###.....[.####.#.############
###.......................#


You could see an orc warrior.

Vanquished Creatures
  A bullfrog (D:6)
  4 water moccasin zombies (Ossuary)
  An orc priest (D:6)
  A hound (D:5)
  Terence (D:2)
  A worker ant (D:6)
  Natasha (D:2)
  3 big kobold zombies (Ossuary)
  2 mummies (Ossuary)
  A howler monkey zombie (D:6)
  2 gnolls (D:2)
  6 adders
  2 oozes
  An adder skeleton (D:4)
  5 adder zombies (Ossuary)
  2 leopard geckos
  A ball python (D:2)
  2 giant cockroaches
  6 goblins
  5 hobgoblins
  6 jackals (D:2)
  A quokka (D:6)
  6 bats
  4 frilled lizards
  6 hobgoblin zombies (Ossuary)
  6 kobolds
  4 kobold zombies (Ossuary)
  6 orc zombies (Ossuary)
  9 rats
96 creatures vanquished.

Vanquished Creatures (collateral kills)
  The ghost of vishdafish the Skirmisher, a novice DsFi of Vehumet (D:6)
  A crimson imp (D:3)
  An orc wizard (D:6)
3 creatures vanquished.

Grand Total: 99 creatures vanquished

Notes
Turn   | Place    | Note
-------+----------+-------------------------------------------
     0 | D:1      | Sergey the Vine Stalker Artificer began the quest for the Orb.
     0 | D:1      | Reached XP level 1. HP: 9/9 MP: 3/3
    93 | D:1      | Reached skill level 1 in Fighting
    99 | D:1      | Reached XP level 2. HP: 10/14 MP: 3/5
   120 | D:2      | Reached skill level 1 in Unarmed Combat
   182 | D:2      | Noticed Terence
   187 | D:2      | Noticed an ice beast
   187 | D:2      | Killed Terence
   187 | D:2      | Reached skill level 1 in Spellcasting
   187 | D:2      | Reached XP level 3. HP: 8/18 MP: 6/6
   433 | D:2      | Gained mutation: Your natural rate of healing is unusually fast. [Vine Stalker growth]
   433 | D:2      | Reached XP level 4. HP: 11/22 MP: 7/7
   529 | D:3      | Reached skill level 2 in Unarmed Combat
   557 | D:2      | Noticed Natasha
   563 | D:2      | Killed Natasha
   563 | D:2      | Reached XP level 5. HP: 19/26 MP: 8/8
   690 | D:3      | Noticed a phantom
   836 | D:5      | Entered Level 5 of the Dungeon
   931 | D:6      | Found a sand-covered staircase.
   936 | Ossuary  | Entered an ossuary
   968 | Ossuary  | Reached skill level 3 in Unarmed Combat
   988 | Ossuary  | Reached XP level 6. HP: 28/30 MP: 10/10
  1133 | Ossuary  | Reached XP level 7. HP: 32/35 MP: 9/11
  1151 | Ossuary  | Reached skill level 4 in Unarmed Combat
  1220 | Ossuary  | Got a transparent hand axe
  1221 | Ossuary  | Identified the +3 hand axe of Nuphenix {chop, rPois rN+ MR+ Int+4 Dex-2} (You found it in an ossuary)
  1336 | D:6      | Found a staircase to the Ecumenical Temple.
  1337 | D:6      | Noticed vishdafish's ghost (novice DsFi)
  1353 | D:6      | Killed vishdafish's ghost
  1353 | D:6      | Reached skill level 1 in Axes
  1353 | D:6      | Reached skill level 5 in Unarmed Combat
  1353 | D:6      | Gained mutation: You have razor-sharp teeth. [Vine Stalker growth]
  1353 | D:6      | Reached XP level 8. HP: 29/40 MP: 9/14
  1365 | Temple   | Entered the Ecumenical Temple
  1404 | Temple   | Became a worshipper of Cheibriados the Contemplative
  1447 | D:6      | Mangled by an orc warrior

Vault maps used:
D:1:      dpeg_arrival_prison
D:2:      uniq_terence, uniq_natasha
D:3:      tgw_xom, uniq_crazy_yiuf_cottage
D:4:      kennysheep_mini, uniq_robin, uniq_menkaure
D:5:      nicolae_gozag_seed_capital, first_ration
D:6:      zin_angel, temple_fountains, enter_ossuary_2, minmay_crystal_room,
          kennysheep_potato
Temple:   regret_index_temple_waves
Ossuary:  ossuary_tomb_2

Skill      XL: |  1  2  3  4  5  6  7  8 |
---------------+-------------------------+-----
Fighting       | 1 2 3 |  3.5
Unarmed Combat | 1 2 3 5 |  5.5
Spellcasting   | 1 2 3 |  3.9
Evocations     | 3 4 |  4.6
Dodging        | 2 |  2.9
Axes           | 1 2 |  2.0
Short Blades   | |  0.8
Stealth        | |  1.2

Action                   |  1- 3 |  4- 6 |  7- 9 || total
-------------------------+-------+-------+-------++-------
Melee: Short sword       |    69 |   201 |       ||   270
       Bite              |     9 |    61 |    21 ||    91
       Punch             |       |     4 |       ||     4
       Falchion          |       |     5 |    26 ||    31
       Hand axe          |       |       |    41 ||    41
Throw: Stone             |       |     2 |       ||     2
Evoke: Wand              |     9 |     8 |     6 ||    23
  Use: Scroll            |       |     6 |       ||     6
       Potion            |       |     1 |     1 ||     2
 Stab: Sleeping          |     2 |     1 |       ||     3
  Eat: Ration            |       |       |     1 ||     1
Armor: Leather armour    |    20 |    67 |    10 ||    97
Dodge: Dodged            |    45 |   133 |    31 ||   209
       Rpst.: Falchion   |       |     2 |     3 ||     5

Table legend:
 A = Spawn XP
 B = Non-spawn XP
 C = Spawn XP percentage of total XP
 D = Spawn monster count
 E = Non-spawn monster count
 F = Spawn count percentage of total count
 G = Total turns spent on level
                    A         B        C        D         E        F      G
               +---------+---------+-------+---------+---------+-------+---------
         Total |       0 |    1774 |   0.0 |       0 |      99 |   0.0 |  1447
               +---------+---------+-------+---------+---------+-------+---------
           D:1 |       0 |      24 |   0.0 |       0 |      17 |   0.0 |   285
           D:2 |       0 |     163 |   0.0 |       0 |      32 |   0.0 |   377
           D:3 |       0 |      41 |   0.0 |       0 |       4 |   0.0 |   113
           D:4 |       0 |       8 |   0.0 |       0 |       2 |   0.0 |    61
           D:5 |       0 |      43 |   0.0 |       0 |       1 |   0.0 |    59
           D:6 |       0 |    1024 |   0.0 |       0 |      13 |   0.0 |   194
       Ossuary |       0 |     471 |   0.0 |       0 |      30 |   0.0 |   291
               +---------+---------+-------+---------+---------+-------+---------
